 Dungeon Crawl Stone Soup version 0.18-a0-1577-gf591c28 (webtiles) character file.

3486 Duffy the Cruncher (level 10, 80/80 HPs)
             Began as a Formicid Assassin on Mar 19, 2016.
             Was an Initiate of Makhleb.
             Quit the game on level 7 of the Dungeon.
             The game lasted 00:10:55 (9271 turns).

Duffy the Cruncher (Formicid Assassin)              Turns: 9271, Time: 00:10:55

Health: 80/80      AC: 10    Str: 16    XL:     10   Next: 27%
Magic:  19/19      EV: 14    Int: 11    God:    Makhleb [......]
Gold:   285        SH:  0    Dex: 15    Spells: 1 memorised, 8 levels left

rFire  . . .     SeeInvis +     a - +1 quarterstaff
rCold  + . .     Gourm    .     C - +3 ring mail
rNeg   . . .     Faith    .     (no shield)
rPois  .         Spirit   +     (helmet unavailable)
rElec  .         Dismiss  .     d - +0 cloak
rCorr  .         Reflect  .     B - +0 pair of gloves
SustAt .         Harm     .     (no boots)
MR     +....                    H - amulet of guardian spirit
Stlth  ++........               L - ring of protection from cold
                                K - ring of magical power

@: somewhat resistant to hostile enchantments, unstealthy
A: permanent stasis, dig shafts and tunnels, four strong arms, antennae 3
a: Dig, Shaft Self, Renounce Religion


You were on level 7 of the Dungeon.
You worshipped Makhleb.
Makhleb was noncommittal.
You were hungry.

You visited 2 branches of the dungeon, and saw 8 of its levels.

You collected 285 gold pieces.


Innate Abilities, Weirdness & Mutations

You are under a permanent stasis effect.
You can dig through walls and to a lower floor.
Your four strong arms can wield two-handed weapons with a shield.
You have a pair of large antennae on your head (SInv).


   Skills:
 + Level 8.2 Fighting
   Level 2.0 Short Blades
 + Level 10.0 Staves
 - Level 2.0 Throwing
 + Level 6.0 Dodging
 - Level 4.8 Stealth


You had 8 spell levels left.
You knew the following spells:

 Your Spells              Type           Power        Failure   Level  Hunger
a - Apportation           Tloc           #.........   71%         1    ##.....

Inventory:

Hand Weapons
 a - a +1 quarterstaff (weapon)
 b - a +0 blowgun
Missiles
 e - 11 poisoned needles
 f - a curare-tipped needle
 F - 3 tomahawks (quivered)
Armour
 d - a +0 cloak (worn)
 B - a +0 pair of gloves (worn)
 C - a +3 ring mail (worn)
 M - a +0 plate armour
Jewellery
 H - an amulet of guardian spirit (around neck)
 K - a ring of magical power (left hand)
 L - a ring of protection from cold (right hand)
Scrolls
 i - 3 scrolls of remove curse
 u - 2 scrolls of magic mapping
 y - 2 scrolls of fear
Potions
 j - 3 potions of cure mutation {unknown}
 o - 2 potions of flight
 q - a potion of ambrosia
 v - 2 potions of mutation {unknown}
 A - 6 potions of heal wounds
 I - a potion of brilliance
Comestibles
 g - 12 bread rations
 p - a slice of pizza
 s - 4 meat rations

Dungeon Overview and Level Annotations

Branches:
Dungeon (7/15)             Temple (1/1) D:6

Altars:
Ashenzari
Cheibriados
Dithmenos
Elyvilon
Fedhas
Gozag
Kikubaaqudgha
Makhleb
Nemelex Xobeh
Okawaru
Pakellas
Qazlal
Sif Muna
Trog
Xom
Yredelemnul
Zin
Lugonu

Annotations:
D:6 2 runed doors


Message History

Read which item? (? for menu, Esc to quit)
As you read the scroll labeled KYITAX ZOSS, it crumbles to dust.
You assume a fearsome visage.
Nothing appears to happen.
It was a scroll of fear.
Read which item? (? for menu, Esc to quit)
As you read the scroll labeled LAPUDI QYNAD, it crumbles to dust.
It is a scroll of enchant weapon.
Enchant which weapon? (? for menu, Esc to quit)
Your +0 quarterstaff glows red for a moment.
Read which item? (? for menu, Esc to quit)
As you read the scroll labeled NASKIG JOEMU, it crumbles to dust.
Formicids cannot teleport.
It was a scroll of blinking.
Read which item? (? for menu, Esc to quit)
As you read the scroll labeled FOISSI ZUALL, it crumbles to dust.
The air around you briefly surges with heat, but it dissipates.
It was a scroll of immolation.
Read which item? (? for menu, Esc to quit)
As you read the scroll labeled IGOONNETUR, it crumbles to dust.
It is a scroll of recharging.
You aren't carrying any rechargeable items.
Read which item? (? for menu, Esc to quit)
As you read the scroll labeled VUCSIEH FOFERCH, it crumbles to dust.
You feel a strange sense of stasis.
It was a scroll of teleportation.
Read which item? (? for menu, Esc to quit)
As you read the scroll labeled MACROC SICWU, it crumbles to dust.
The scroll dissolves into smoke.
It was a scroll of fog.
Read which item? (? for menu, Esc to quit)
As you read the scroll labeled EPRIQE ISISU, it crumbles to dust.
You hear a loud clanging noise!
It was a scroll of noise.
You start waiting.
You are feeling hungry.
You start waiting.
Done waiting.
Are you sure you want to abandon this character and quit the game? (Confirm with "yes".)

#................****,,,,,,,
#..............#** *,,,,,,,
## #.............#* *,,,,,,,
.## ##............#*
*,,,,,,, >.# #............##
****,,,* ..# #...........##
***,* ..*##..........#.##
*** .###.....>....###"#
.#...#........##@##
...####......##### ####
##.....# # ##...## ##..#
##.#* ##.#* *#.#* *#.#* ***


There were no monsters in sight!

Action                   |  1- 3 |  4- 6 |  7- 9 | 10-12 || total
-------------------------+-------+-------+-------+-------++-------
Melee: Dagger            |   113 |       |       |       ||   113
       Quarterstaff      |    17 |   190 |   440 |   133 ||   780
 Fire: Blowgun           |       |       |    15 |       ||    15
 Abil: Dig               |       |     3 |     7 |     2 ||    12
  Use: Scroll            |       |       |       |    16 ||    16
 Stab: Sleeping          |     4 |     2 |       |       ||     6
  Eat: Chunk             |       |     7 |    17 |     2 ||    26
       Pizza             |       |       |       |     2 ||     2

Notes
Turn   | Place    | Note
--------------------------------------------------------------
     0 | D:1      | Duffy the Formicid Assassin began the quest for the Orb.
     0 | D:1      | Reached XP level 1. HP: 16/16 MP: 1/1
    87 | D:1      | Reached skill level 3 in Fighting
    87 | D:1      | Reached XP level 2. HP: 22/24 MP: 2/2
   564 | D:1      | Reached XP level 3. HP: 29/29 MP: 3/3
   609 | D:2      | Reached skill level 4 in Fighting
   890 | D:2      | Found a faded altar to an unknown god.
   938 | D:2      | Reached XP level 4. HP: 33/37 MP: 4/4
  1206 | D:2      | Reached skill level 1 in Staves
  1587 | D:2      | Reached skill level 2 in Staves
  1824 | D:3      | Reached XP level 5. HP: 42/42 MP: 5/5
  1955 | D:3      | Found a basalt altar of Yredelemnul.
  2044 | D:3      | Found a sparkling altar of Nemelex Xobeh.
  2051 | D:3      | Reached skill level 3 in Staves
  2133 | D:3      | Reached skill level 4 in Staves
  2133 | D:3      | Reached XP level 6. HP: 37/48 MP: 6/6
  2289 | D:3      | Learned a level 1 spell: Apportation
  2448 | D:3      | Noticed Ijyb
  2482 | D:3      | Killed Ijyb
  2776 | D:4      | Noticed a phantom
  2830 | D:3      | Killed a phantom
  2830 | D:3      | Reached skill level 5 in Staves
  2830 | D:3      | Reached XP level 7. HP: 23/54 MP: 7/7
  3120 | D:4      | Noticed Pikel
  3143 | D:4      | Killed Pikel
  3143 | D:4      | Reached skill level 7 in Staves
  3143 | D:4      | Reached XP level 8. HP: 46/60 MP: 8/8
  3280 | D:4      | Reached skill level 1 in Dodging
  3396 | D:4      | Found a stormy altar of Qazlal.
  3396 | D:4      | Found a white marble altar of Elyvilon.
  3804 | D:5      | Entered Level 5 of the Dungeon
  3985 | D:5      | Noticed Prince Ribbit
  4481 | D:5      | Killed Prince Ribbit
  4481 | D:5      | Reached skill level 5 in Fighting
  4481 | D:5      | Reached skill level 8 in Staves
  4481 | D:5      | Reached skill level 2 in Dodging
  5010 | D:5      | Noticed Sigmund
  5027 | D:5      | Killed Sigmund
  5027 | D:5      | Reached skill level 3 in Dodging
  5027 | D:5      | Reached XP level 9. HP: 56/69 MP: 6/9
  5306 | D:5      | Reached skill level 6 in Fighting
  5554 | D:6      | Found a staircase to the Ecumenical Temple.
  5563 | Temple   | Entered the Ecumenical Temple
  5666 | D:6      | Noticed Blork the orc
  5679 | D:6      | Killed Blork the orc
  6090 | D:6      | Found a bloodstained altar of Trog.
  6090 | D:6      | Noticed a moth of wrath
  6148 | D:6      | Reached skill level 4 in Dodging
  6152 | D:6      | Reached skill level 9 in Staves
  6629 | D:6      | Found a shadowy altar of Dithmenos.
  6666 | D:6      | Found a runed door.
  6909 | D:6      | Found a runed door.
  7004 | D:6      | Reached skill level 7 in Fighting
  7594 | D:7      | Reached skill level 5 in Dodging
  7989 | D:7      | Reached XP level 10. HP: 58/79 MP: 10/10
  8465 | D:7      | Reached skill level 8 in Fighting
  8605 | D:7      | Found a deep blue altar of Sif Muna.
  8605 | D:7      | Found a snail-covered altar of Cheibriados.
  8605 | D:7      | Found a burning altar of Makhleb.
  8634 | D:7      | Became a worshipper of Makhleb the Destroyer
  8645 | D:7      | Found a shattered altar of Ashenzari.
  8706 | D:7      | Found an oddly glowing altar of Pakellas.
  8706 | D:7      | Noticed an orange crystal statue
  8900 | D:7      | Reached skill level 10 in Staves
  8914 | D:7      | Reached skill level 6 in Dodging
  9271 | D:7      | Quit the game

Vault maps used:
D:1:      dpeg_arrival_ternary
D:2:      ecumenical_altar_2
D:3:      nicolae_overflow_crystal_walls, overflow_temple_1_default,
          first_bread, uniq_iyjb
D:4:      gammafunk_temple_overflow_statue, uniq_pikel
D:5:      uniq_prince_ribbit1, uniq_sigmund
D:6:      lemuel_insect_pit, kennysheep_mini, tgw_trog,
          minmay_temple_entry_large_hall, kennysheep_donut, uniq_blork_the_orc
D:7:      grunt_temple_overflow_cloverleaf, the_bakery,
          corexii_leaking_fountain, gammafunk_pakellas_statue_experiment
Temple:   corrupted_temple

Vanquished Creatures
  Pikel Prince Ribbit Sigmund
  A spriggan
  3 orc warriors
  A slave
  A phantom
  An ogre
  5 centaurs
  A crocodile Blork the orc
  A giant frog
  3 scorpions
  6 killer bees
  2 electric eels
  4 howler monkeys
  2 crimson imps
  A gnoll shaman
  A centaur skeleton
  A hound
  2 giant frog skeletons
  3 orc priests Ijyb
  3 iguanas
  5 orc wizards
  2 worker ants
  A killer bee zombie
  3 hound zombies
  A hound skeleton
  14 gnolls
  10 adders
  2 shadow imps
  An ooze
  An adder skeleton
  3 worms
  5 giant geckos
  20 orcs
  A ball python
  9 giant cockroaches
  8 goblins
  10 hobgoblins
  2 jackals
  6 kobolds
  7 bats
  2 giant gecko skeletons
  3 giant newts
  14 rats
177 creatures vanquished.
